Map: Thunderbird LE

Players

Hjax - Winner!

  • Race: Protoss Protoss
  • Spawn Location: 11:00

JonSnow

  • Race: Zerg Zerg
  • Spawn Location: 5:00

VOD

Have the link to the VOD?

Description

Time

  • Played on: Sept. 6, 2019, 12:25 p.m.
  • Length: 7:04
Show
View Real Time Build Order
Export as new Build Order

Hjax Protoss - Winner!

Build Orders: 1 Gate Expand, Oracle Opening, Phoenix Opening, Zealot Archon, Archon Drop 

Get SALT Encoding   

  12  0:00  Probe  
  13  0:15  Probe  
  13  0:18  Pylon  
  14  0:26  Probe  
  15  0:34  Probe  
  15  0:38  Gateway  
  15  0:42  Probe  
  16  0:48  Assimilator  
  17  0:54  Probe  
  18  1:06  Probe  
  19  1:18  Probe  
  20  1:25  Nexus  
  20  1:30  Probe  
  21  1:37  Cybernetics Core  
  21  1:42  Zealot  
  21  1:46  Assimilator  
  23  1:57  Pylon  
  23  2:05  Gateway, Adept  
  23  2:15  Probe  
  26  2:27  Probe  
  27  2:35  Adept  
  27  2:36  Probe  
  27  2:37  Stargate  
  29  2:39  Probe  
  31  2:44  Probe  
  33  2:51  Warp Gate, Probe  
  33  2:54  Probe  
  34  3:03  Probe  
  35  3:06  Probe, Adept  
  35  3:10  Oracle  
  38  3:15  Probe  
  38  3:19  Probe  
  43  3:30  Probe  
  43  3:31  Probe  
  43  3:35  Assimilator  
  43  3:37  Assimilator  
  43  3:41  Pylon  
  43  3:42  Probe  
  43  3:43  Probe  
  45  3:51  Pylon  
  45  3:54  Probe  
  46  3:57  Probe  
  46  3:59  Phoenix  
  49  4:05  Probe, Robotics Facility  
  49  4:06  Probe  
  49  4:09  Pylon  
  51  4:13  Probe  
  51  4:15  Twilight Council  
  51  4:18  Probe  
  53  4:25  Probe  
  53  4:30  Probe  
  55  4:37  Probe  
  56  4:43  Probe  
  57  4:46  Gateway  
  57  4:47  Gateway  
  57  4:49  Warp Prism  
  57  4:50  Gateway, Charge  
  57  4:56  Probe  
  57  4:59  Probe  
  57  5:05  Templar Archives  
  57  5:08  Probe  
  58  5:20  Gateway  
  58  5:22  Adept x2  
  58  5:27  Pylon  
  62  5:28  Pylon  
  62  5:41  Nexus  
  62  5:42  Probe  
  63  5:44  Pylon  
  63  5:45  Pylon  
  63  5:47  High Templar x3  
  63  5:48  High Templar  
  71  5:51  Archon  
  71  5:52  Archon  
  71  5:53  Zealot  
  71  5:56  Pylon  
  73  6:01  Probe  
  74  6:04  Pylon  
  74  6:05  Pylon  
  74  6:20  Zealot x6  
  81  6:35  Gateway  
  81  6:39  Gateway  
  81  6:45  High Templar x4  
  89  6:47  Zealot x2  
  89  6:49  Archon x2  
Show
View Real Time Build Order
Export as new Build Order

JonSnow Zerg 

Build Orders: Pool First 

Get SALT Encoding   

  12  0:01  Drone  
  13  0:12  Overlord  
  13  0:17  Drone  
  14  0:30  Drone  
  14  0:31  Drone  
  16  0:40  Spawning Pool  
  15  0:45  Drone  
  15  0:48  Drone  
  17  1:08  Hatchery  
  16  1:17  Drone  
  17  1:26  Zergling x4  
  17  1:28  Zergling x2  
  17  1:31  Extractor  
  19  1:33  Queen  
  21  1:40  Overlord  
  21  1:50  Drone  
  22  2:03  Drone  
  23  2:13  Hatchery  
  22  2:17  Drone  
  22  2:22  Drone x2  
  25  2:31  Queen  
  27  2:38  Metabolic Boost  
  27  2:45  Drone  
  27  2:47  Drone  
  27  2:51  Drone x2  
  31  2:54  Drone  
  32  3:00  Overlord  
  32  3:04  Drone  
  32  3:05  Drone  
  34  3:08  Drone  
  35  3:14  Drone  
  35  3:25  Drone x4  
  35  3:27  Spore Crawler  
  38  3:32  Queen  
  41  3:38  Queen  
  41  3:39  Drone  
  44  3:42  Overlord  
  44  3:45  Drone  
  44  3:48  Drone x2  
  47  3:51  Evolution Chamber  
  47  3:53  Drone  
  47  3:56  Drone  
  47  3:57  Drone  
  47  3:59  Drone  
  47  4:02  Spore Crawler  
  49  4:03  Spore Crawler  
  49  4:06  Spore Crawler  
  49  4:07  Drone  
  49  4:09  Drone  
  49  4:13  Queen  
  51  4:17  Zerg Melee Weapons Level 1  
  51  4:19  Drone  
  51  4:20  Drone  
  53  4:27  Overlord  
  53  4:30  Drone  
  53  4:31  Drone x4  
  58  4:41  Drone  
  58  4:46  Drone x2  
  58  4:47  Drone x4  
  58  4:50  Drone  
  58  4:52  Drone x2  
  63  5:02  Zergling x4  
  63  5:03  Zergling x2  
  63  5:05  Lair  
  63  5:06  Overlord  
  66  5:10  Overlord  
  66  5:12  Overlord  
  66  5:24  Overlord, Extractor  
  65  5:29  Zergling x12  
  65  5:30  Baneling Nest  
  65  5:32  Zergling x8  
  65  5:35  Zergling x4  
  76  5:39  Zergling x4  
  77  5:43  Extractor  
  77  5:45  Zergling x8  
  77  5:46  Zergling x2, Extractor  
  80  5:51  Overlord  
  80  5:56  Zergling x4  
  82  6:03  Drone x3  
  85  6:04  Drone  
  85  6:07  Hydralisk Den  
  85  6:09  Drone x2  
  88  6:11  Drone  
  88  6:12  Drone  
  88  6:13  Drone  
  88  6:14  Overlord  
  90  6:21  Zergling x2  
  90  6:23  Overlord  
  90  6:24  Overlord  
  89  6:31  Overlord  
  85  6:33  Baneling x4  
  85  6:38  Overlord x2  
  82  6:44  Zergling x2  
Tags
 
Add a new tag
Caveats
  • Supply blocks, unpowered buildings, or Contaminate may cause inaccurate times.
  • Supply counts are checked every 10 seconds.